Map: Abyssal Reef LE

Players

Namshar

  • Race: Zerg Zerg
  • Spawn Location: 5:00

Guru - Winner!

  • Race: Zerg Zerg
  • Spawn Location: 11:00

Event: IEM XI Katowice - World Championship 2017

VOD

Have the link to the VOD?

Description

Time

  • Played on: Feb. 28, 2017, 12:17 p.m.
  • Length: 10:18

All games in this series

Show
View Real Time Build Order
Export as new Build Order

Namshar Zerg 

Build Orders: Pool First 

Get SALT Encoding   

  12  0:00  Drone  
  13  0:13  Overlord  
  13  0:16  Drone  
  14  0:31  Drone x2  
  14  0:34  Drone  
  17  0:44  Spawning Pool  
  17  0:48  Drone  
  17  1:08  Hatchery  
  16  1:11  Drone  
  16  1:13  Extractor  
  16  1:20  Drone x2  
  18  1:30  Queen  
  20  1:33  Zergling x2  
  21  1:40  Overlord  
  21  1:50  Drone  
  22  2:06  Queen  
  22  2:07  Drone  
  25  2:16  Drone  
  25  2:20  Metabolic Boost  
  25  2:22  Queen  
  28  2:27  Spine Crawler  
  28  2:29  Zergling x4  
  29  2:35  Overlord  
  29  2:39  Zergling x2  
  30  2:50  Zergling x10  
  34  2:53  Zergling x2  
  33  3:08  Zergling x4  
  28  3:13  Queen  
  30  3:25  Drone x2  
  31  3:37  Drone x3  
  33  3:52  Drone x4  
  37  3:59  Baneling Nest  
  36  4:11  Drone x3  
  36  4:12  Drone x3  
  42  4:20  Zergling x4  
  42  4:43  Baneling x3  
  42  4:45  Queen  
  42  4:51  Zergling x6  
  42  4:52  Zergling x8  
  42  4:57  Zergling x6  
  36  5:14  Queen  
  36  5:18  Drone x4  
  42  5:22  Evolution Chamber  
  42  5:27  Roach Warren  
  42  5:28  Drone  
  41  5:29  Overlord  
  41  5:41  Drone x2  
  42  5:54  Drone x5  
  42  5:55  Zerg Missile Weapons Level 1  
  47  6:02  Overlord  
  47  6:04  Drone  
  47  6:08  Hatchery  
  47  6:16  Drone x2  
  49  6:26  Drone  
  49  6:27  Drone x7  
  49  6:29  Extractor  
  49  6:32  Extractor  
  55  6:39  Overlord  
  55  6:53  Lair  
  55  6:54  Overlord x2  
  55  6:56  Drone x2  
  55  6:58  Drone  
  55  7:01  Queen  
  60  7:03  Overlord  
  60  7:04  Overlord  
  60  7:06  Roach  
  62  7:13  Baneling  
  61  7:16  Roach x4  
  61  7:21  Roach  
  61  7:22  Roach  
  70  7:30  Roach  
  70  7:31  Roach  
  70  7:35  Drone x3  
  70  7:36  Overlord  
  77  7:37  Roach x2  
  81  7:49  Roach x4  
  89  7:54  Overlord  
  89  7:56  Drone  
  89  7:57  Drone  
  91  8:06  Overseer  
  91  8:09  Overlord x2  
  92  8:12  Drone  
  92  8:13  Extractor  
  92  8:17  Roach x4  
  98  8:22  Overlord  
  98  8:25  Overlord  
  98  8:30  Roach x3  
  98  8:31  Roach  
  107  8:34  Ravager x2  
  107  8:40  Roach x3  
  114  8:41  Overlord  
  114  8:44  Roach x2  
  114  8:47  Drone x2  
  120  8:51  Drone  
  120  8:52  Drone  
  122  9:00  Extractor x2  
  122  9:02  Drone x4  
  124  9:05  Drone x2  
  126  9:16  Roach x2  
  128  9:18  Ravager  
  129  9:29  Roach x5  
  115  9:43  Roach  
  115  9:44  Roach x2  
  93  9:56  Roach x4  
Show
View Real Time Build Order
Export as new Build Order

Guru Zerg - Winner!

Build Orders: Pool First 

Get SALT Encoding   

  12  0:01  Drone  
  13  0:08  Drone  
  14  0:15  Extractor  
  14  0:16  Drone  
  14  0:32  Spawning Pool  
  13  0:36  Drone  
  14  0:44  Overlord  
  14  0:52  Extractor, Drone  
  15  1:03  Drone  
  16  1:19  Metabolic Boost  
  16  1:20  Zergling x2  
  16  1:22  Queen  
  19  1:26  Zergling x2  
  19  1:30  Zergling x2  
  19  1:32  Zergling x2  
  22  1:53  Hatchery  
  21  1:57  Zergling x2  
  22  2:03  Overlord  
  23  2:22  Zergling x2  
  23  2:23  Zergling x2  
  23  2:27  Zergling x2  
  23  2:29  Zergling x6  
  28  2:36  Queen  
  30  2:45  Overlord  
  29  2:54  Overlord  
  27  3:06  Drone x2  
  25  3:16  Drone x3  
  25  3:18  Queen  
  30  3:20  Zergling x2  
  30  3:26  Zergling x2  
  32  3:37  Zergling x6  
  32  3:40  Zergling x4  
  35  3:48  Zergling x6  
  36  3:56  Zergling x6  
  39  4:03  Zergling x4  
  41  4:13  Zergling x4  
  41  4:16  Queen  
  45  4:24  Drone x2  
  45  4:25  Drone x2  
  45  4:27  Drone  
  45  4:28  Drone  
  51  4:37  Drone x2  
  51  4:50  Drone x3  
  50  4:53  Drone x2  
  50  4:57  Zergling x2  
  51  5:05  Queen  
  51  5:06  Queen  
  51  5:09  Zergling x2  
  51  5:16  Extractor, Drone x2  
  51  5:19  Zergling x6  
  51  5:28  Roach Warren  
  51  5:30  Zergling x4, Evolution Chamber  
  51  5:35  Overlord  
  51  5:36  Drone  
  51  5:41  Overlord  
  52  5:47  Evolution Chamber  
  52  5:50  Overlord  
  52  5:53  Queen, Drone  
  52  5:55  Drone x2  
  52  5:56  Drone x2  
  59  5:58  Extractor, Drone  
  59  6:03  Drone  
  60  6:05  Drone  
  61  6:13  Zerg Missile Weapons Level 1, Drone  
  62  6:21  Drone x2  
  62  6:25  Overlord  
  64  6:26  Lair  
  64  6:29  Drone  
  64  6:30  Extractor  
  64  6:32  Drone x3  
  67  6:35  Roach x2  
  67  6:36  Roach  
  73  6:46  Roach  
  75  6:50  Roach x2  
  75  6:51  Roach  
  81  6:58  Roach  
  83  7:04  Hatchery  
  83  7:06  Roach  
  84  7:14  Overlord  
  83  7:16  Overlord x2  
  83  7:17  Overlord  
  82  7:24  Glial Reconstitution  
  82  7:25  Overlord  
  82  7:26  Overlord  
  82  7:29  Overlord  
  82  7:31  Ravager x2  
  82  7:34  Roach x3  
  82  7:36  Roach  
  90  7:39  Roach  
  90  7:43  Roach x2  
  96  7:46  Roach  
  96  7:51  Roach x2  
  102  7:52  Ravager  
  102  7:53  Ravager  
  102  7:56  Roach  
  102  7:57  Drone  
  102  7:58  Drone  
  108  7:59  Drone  
  108  8:03  Drone x2  
  113  8:13  Roach x2  
  113  8:19  Roach x2  
  121  8:20  Roach  
  121  8:21  Roach x3  
  121  8:25  Roach x2  
  131  8:28  Roach  
  131  8:31  Roach  
  135  8:35  Roach  
  135  8:36  Ravager  
  135  8:37  Unknown, Roach  
  135  8:38  Drone  
  145  8:48  Roach x2  
  145  8:50  Overlord x2  
  144  9:01  Overlord  
  144  9:08  Overlord  
  144  9:10  Roach  
  144  9:15  Roach x5  
  144  9:16  Roach x2  
  159  9:19  Roach  
  159  9:23  Roach x2  
  167  9:24  Roach  
  160  9:40  Roach  
  160  9:42  Roach x6  
  160  9:43  Roach x2  
  166  9:46  Roach  
  166  9:47  Roach  
  166  9:48  Roach  
  166  9:52  Roach  
  164  9:57  Roach x2  
  164  9:58  Roach  

Tags
 
Add a new tag
Caveats
  • Supply blocks, unpowered buildings, or Contaminate may cause inaccurate times.
  • Supply counts are checked every 10 seconds.